 Dungeon Crawl Stone Soup version 0.22-a0-858-g985ef60 (webtiles) character file.

109 vineage the Chopper (level 5, -6/42 HPs)
             Began as a Human Fighter on July 27, 2018.
             Was a Follower of Okawaru.
             Killed from afar by an orc wizard (10 damage)
             ... with a puff of frost
             ... on level 3 of the Dungeon.
             The game lasted 00:01:57 (1446 turns).

vineage the Chopper (Human Fighter)                 Turns: 1446, Time: 00:01:58

Health: -6/42      AC:  6    Str: 18    XL:     5   Next: 13%
Magic:  5/5        EV:  7    Int:  8    God:    Okawaru [*.....]
Gold:   105        SH:  9    Dex: 12    Spells: 4/4 levels left

rFire    . . .     SeeInvis .   a - +0 war axe
rCold    . . .     Gourm    .   c - +0 shield
rNeg     . . .     Faith    .   b - +0 scale mail
rPois    .         Spirit   .   (no helmet)
rElec    .         Reflect  .   (no cloak)
rCorr    .         Harm     .   (no gloves)
MR       .....                  (no boots)
Stlth    ..........             (no amulet)
HPRegen  0.14/turn              (no ring)
MPRegen  0.09/turn              (no ring)

@: no status effects
A: no striking features
a: Heroism, Renounce Religion


You were on level 3 of the Dungeon.
You worshipped Okawaru.
Okawaru was aware of your devotion.
You were not hungry.

You visited 1 branch of the dungeon, and saw 3 of its levels.

You collected 105 gold pieces.

Inventory:

Hand Weapons
 a - a +0 war axe (weapon)
Armour
 b - a +0 scale mail (worn)
 c - a +0 shield (worn)
Jewellery
 n - an uncursed ring of resist corrosion {unknown}
Wands
 m - a wand of digging (13)
Scrolls
 g - a scroll of enchant armour {unknown}
 h - a scroll of remove curse {unknown}
 i - a scroll of teleportation {unknown}
 j - 3 scrolls of identify {unknown}
Potions
 d - a potion of might
 e - a potion of lignification {unknown}
 k - a potion of curing {unknown}
 l - a potion of mutation {unknown}
Comestibles
 f - 6 rations


   Skills:
 + Level 3.9 Fighting
 * Level 4.2 Axes
 - Level 3.0 Armour
 - Level 3.0 Shields


You had 4 spell levels left.
You didn't know any spells.
Your spell library was empty.

Dungeon Overview and Level Annotations

Branches:
Dungeon (3/15)

Altars:
Gozag
Hepliaklqana
Okawaru
Zin


Message History

You block the orc wizard's attack. The orc barely misses you.
The orc wizard casts a spell at you. The puff of frost hits you!
You closely miss the orc wizard. You slash the orc!
You kill the orc!
Okawaru accepts your kill. You block the orc wizard's attack.
The orc wizard gestures at you while chanting.
The puff of frost hits you!
You hit the orc wizard.
The orc wizard is moderately wounded.
The orc wizard gestures at you while chanting.
The magic dart hits you!
* * * LOW HITPOINT WARNING * * *
The orc wizard hits you but does no damage.
You hit the orc wizard.
The orc wizard is moderately wounded.
The orc wizard gestures at you while chanting.
The puff of frost hits you!
You die...

#.#.# ... #.#.# ##..#
#.#.# .... #.#.# #..#
#.#.# #..# #.# #..#
#.# #..#######.#. #.#
#...o@)...... #.#
#..################.#
#................†.<#
#####################


You could see an orc wizard.

Vanquished Creatures
  An adder (D:2)
  A worm (D:3)
  A dart slug (D:1)
  2 leopard geckos
  13 orcs
  6 giant cockroaches
  8 goblins
  4 hobgoblins
  4 jackals (D:2)
  5 kobolds
  A ball python (D:3)
  4 bats
  6 frilled lizards
  A rat (D:1)
57 creatures vanquished.

Vanquished Creatures (others)
  An orc wizard (D:3)
1 creature vanquished.

Grand Total: 58 creatures vanquished

Notes
Turn   | Place    | Note
-------+----------+-------------------------------------------
     0 | D:1      | vineage the Human Fighter began the quest for the Orb.
     0 | D:1      | Reached XP level 1. HP: 18/18 MP: 1/1
    46 | D:1      | Reached XP level 2. HP: 19/24 MP: 2/2
   179 | D:1      | Reached XP level 3. HP: 25/29 MP: 3/3
   208 | D:1      | Reached skill level 3 in Axes
   605 | D:2      | Found a faded altar of an unknown god.
   739 | D:2      | Became a worshipper of Warmaster Okawaru
   739 | D:2      | Reached * piety under Okawaru
   957 | D:2      | Reached XP level 4. HP: 35/35 MP: 4/4
  1039 | D:2      | Found a glowing silver altar of Zin.
  1039 | D:2      | Found an opulent altar of Gozag.
  1221 | D:3      | Found a hazy altar of Hepliaklqana.
  1435 | D:3      | Reached skill level 4 in Axes
  1442 | D:3      | Reached XP level 5. HP: 24/42 MP: 5/5
  1446 | D:3      | Killed from afar by an orc wizard

Vault maps used:
D:1:      eino_arrival_cavern_e
D:2:      grunt_temple_overflow_gold_and_silver,
          chequers_ecumenical_altar_grove, minivault_11
D:3:      old_standard_altar, first_ration

Skill      XL: |  1  2  3  4 |
---------------+-------------+-----
Axes           | 3 4 |  4.2
Fighting       | |  3.9
Armour         | |  3.0
Shields        | |  3.0

Action                   |  1- 3 |  4- 6 || total
-------------------------+-------+-------++-------
Melee: War axe           |    81 |   107 ||   188
 Stab: Distracted        |       |     1 ||     1
  Eat: Chunk             |       |     2 ||     2
Armor: Scale mail        |    35 |    35 ||    70
Dodge: Dodged            |    26 |    26 ||    52
Block: Shield            |    31 |    49 ||    80

Table legend:
 A = Spawn XP
 B = Non-spawn XP
 C = Spawn XP percentage of total XP
 D = Spawn monster count
 E = Non-spawn monster count
 F = Spawn count percentage of total count
 G = Total turns spent on level
                    A         B        C        D         E        F      G
               +---------+---------+-------+---------+---------+-------+---------
         Total |       0 |     156 |   0.0 |       0 |      58 |   0.0 |  1446
               +---------+---------+-------+---------+---------+-------+---------
           D:1 |       0 |      40 |   0.0 |       0 |      22 |   0.0 |   495
           D:2 |       0 |      44 |   0.0 |       0 |      17 |   0.0 |   645
           D:3 |       0 |      72 |   0.0 |       0 |      19 |   0.0 |   306
               +---------+---------+-------+---------+---------+-------+---------
